AoeStats
← Mr Diniz

Black Forest

510193243Analyzed
4v4 RM · 4d ago on Sep 29, 2026· 40m 28s· 8 players
Game mode
Random Map
Map size
Large (8 player)
Population
200
Speed
Normal
Resources
Standard
Victory
Conquest
Starting age
Dark Age
Ending age
Imperial Age
RankedLock teamsTeams togetherTeam positionsShared explorationLock speedFull tech treeHidden civsTurbo modeCheats
Victory
Defeat
🇦🇷 Turks · Argentina
1553
+13
🇦🇷 Vikings · Argentina
1517
+15
🇦🇷 Saracens · Argentina
1458
+17
🇦🇷 Franks · Argentina
1426
+19
🇧🇷 Lithuanians · Brazil
1517
-17
🇨🇳 Danes · China
1496
-16
🇨🇳 Turks · China
1489
-16
🇵🇰 Khmer · Pakistan
1459
-15
xinyuan.zhao22
0:28 Loom
9:52 Feudal Age
10:32 Double-Bit Axe
19:59 Castle Age
18:20 Horse Collar
21:03 Bow Saw
22:48 Wheelbarrow
23:54 Gold Mining
25:45 Hand Cart
30:31 Imperial Age
27:48 Town Watch
28:37 Forging
28:28 Scale Mail Armor
28:47 Heavy Plow
29:10 Squires
28:55 Gambesons
29:56 Iron Casting
29:47 Arson
30:19 Chain Mail Armor
30:39 Town Patrol
31:34 Gold Shaft Mining
31:02 Elite Varangian Guard
33:36 Blast Furnace
34:42 Chemistry
34:39 Plate Mail Armor
34:13 Stone Mining
36:58 Padded Archer Armor
37:21 Siege Engineers
38:32 Caravan
38:05 Hamask
39:05 Conscription
39:53 Coinage
41:14 Banking
Yucatan_water_supremacy
13:48 Feudal Age
14:37 Double-Bit Axe
14:43 Gold Mining
17:28 Castle Age
21:25 Imperial Age
19:12 Horse Collar
19:52 Bow Saw
20:40 Loom
28:34 Padded Archer Armor
38:24 Fortified Wall
37:38 Heavy Camel Rider
bilalnizamani001
7:28 Loom
12:30 Feudal Age
15:24 Castle Age
14:26 Double-Bit Axe
14:22 Horse Collar
16:42 Bow Saw
16:33 Heavy Plow
22:49 Gold Mining
22:50 Stone Mining
24:36 Wheelbarrow
25:12 Coinage
27:48 Imperial Age
26:02 Gold Shaft Mining
26:03 Stone Shaft Mining
26:44 Hand Cart
26:16 Town Watch
27:10 Scale Mail Armor
27:22 Forging
28:01 Pikeman
29:46 Scale Barding Armor
30:17 Iron Casting
29:33 Heavy Scorpion
29:36 Capped Ram
31:41 Chain Barding Armor
31:28 Husbandry
31:39 Bloodlines
31:22 Elite Battle Elephant
32:44 Tusk Swords
33:22 Plate Barding Armor
33:55 Ballistics
34:36 Chemistry
34:38 Blast Furnace
33:28 Light Cavalry
33:55 Halberdier
35:53 Chain Mail Armor
38:51 Banking
Mr Diniz
0:40 Loom
10:07 Feudal Age
11:54 Double-Bit Axe
13:31 Fletching
13:27 Town Watch
20:54 Castle Age
19:20 Horse Collar
22:07 Bow Saw
24:50 Scale Barding Armor
26:07 Chain Barding Armor
26:01 Bloodlines
25:51 Husbandry
27:00 Wheelbarrow
29:24 Gold Mining
30:12 Light Cavalry
31:07 Husbandry
32:38 Heavy Plow
33:01 Forging
pela
0:32 Loom
12:03 Feudal Age
16:16 Castle Age
14:37 Fletching
16:59 Bodkin Arrow
22:33 Imperial Age
20:29 Padded Archer Armor
21:12 Double-Bit Axe
22:37 Leather Archer Armor
25:49 Ring Archer Armor
31:17 Conscription
31:54 Elite Janissary
36:10 Gold Mining
40:32 Wheelbarrow
39:42 Town Watch
40:56 Gold Shaft Mining
luch0_ta
1:09 Loom
10:00 Feudal Age
15:03 Wheelbarrow
18:06 Castle Age
16:23 Double-Bit Axe
16:43 Horse Collar
19:38 Bow Saw
31:23 Imperial Age
29:01 Fletching
29:42 Ballistics
29:41 Padded Archer Armor
30:00 Bodkin Arrow
30:33 Thumb Ring
30:26 Crossbowman
31:44 Leather Archer Armor
32:20 Bracer
33:22 Chemistry
32:11 Arbalester
34:11 Ring Archer Armor
33:03 Capped Ram
34:53 Masonry
34:25 Onager
35:51 Siege Engineers
Politox
7:47 Loom
12:12 Feudal Age
13:14 Double-Bit Axe
13:21 Gold Mining
15:52 Castle Age
16:47 Bow Saw
18:03 Wheelbarrow
24:45 Fervor
24:45 Scale Barding Armor
24:51 Forging
24:35 Stone Mining
25:21 Gold Shaft Mining
25:37 Gold Shaft Mining
26:13 Hand Cart
29:38 Imperial Age
27:30 Chain Barding Armor
27:46 Iron Casting
27:02 Treadmill Crane
27:34 Masonry
29:23 Husbandry
28:52 Light Cavalry
29:44 Fletching
30:56 Plate Barding Armor
29:43 Cavalier
29:46 Onager
31:28 Blast Furnace
31:32 Chemistry
30:38 Siege Engineers
31:58 Conscription
31:41 Chivalry
32:01 Conscription
31:48 Paladin
33:19 Scale Mail Armor
33:21 Squires
32:42 Pikeman
37:08 Caravan
37:40 Coinage
37:41 Architecture
39:39 Banking
MR FACAndo
10:30 Feudal Age
11:21 Horse Collar
11:28 Double-Bit Axe
20:14 Gold Mining
27:18 Town Watch
33:22 Stone Mining
Connection lost

Rejoining the realm…

Still unreachable

The connection could not be restored.

Session expired

The server has moved on; the page needs a fresh start.